[ AOE2 MATCH · #505741886 ]
UnrankedJapanese vs Gurjaras
Player's team · LOSS
Rival team · WIN
[ REPLAY ANALYSIS · EXTRACTED FROM THE RECORDED GAME ]
Feudal
9:16
Castle
22:29
Imperial
—
| APM avg | 31.3 |
| APM peak | 72 |
| eAPM avg | 19.0 |
| Villagers / military | 79 / 51 |
Focus
⚔️ 29.9% · 🌾 70.1%
Archer ×33 · Skirmisher ×7 · Mangonel ×5 · Militia ×4 · Scorpion ×2
Feudal
8:51
Castle
22:51
Imperial
—
| APM avg | 42.5 |
| APM peak | 75 |
| eAPM avg | 17.9 |
| Villagers / military | 87 / 39 |
Focus
⚔️ 40.8% · 🌾 59.2%
Archer ×37 · Shrivamsha Rider ×2
Match map
Initial resources + every placement click. Lines = walls · curves = elevation contours. ◆ gold · ⬟ stone · ● berries · ✦ relic · ◌ wall gap
Your base· ✓ Closed at 22:29 · 36t walls · 1 gate(s)
toucan_i_am's base· Open — opponent sealed themselves in
Smoothed initial terrain · ◌ = detected wall gap · hover for details
Inputs per minute
— ITA | Dante - - toucan_i_am
Build order — ITA | Dante
First 150 of 217 actions detected
| 0:00 | Queue | Villager (Male) |
| 0:01 | Queue | Villager (Male) |
| 0:01 | Queue | Villager (Male) |
| 0:01 | Queue | Villager (Male) |
| 0:02 | Queue | Villager (Male) |
| 0:03 | Build | House |
| 0:05 | Build | House |
| 1:28 | Queue | Villager (Male) |
| 1:51 | Build | Mill |
| 2:01 | Queue | Villager (Male) |
| 2:20 | Queue | Villager (Male) |
| 2:20 | Queue | Villager (Male) |
| 2:41 | Queue | Villager (Male) |
| 2:42 | Queue | Villager (Male) |
| 3:18 | Queue | Villager (Male) |
| 3:18 | Queue | Villager (Male) |
| 3:26 | Build | House |
| 3:27 | Build | House |
| 3:36 | Queue | Villager (Male) |
| 4:02 | Queue | Villager (Male) |
| 4:20 | Queue | Villager (Male) |
| 4:21 | Queue | Villager (Male) |
| 4:48 | Queue | Villager (Male) |
| 5:19 | Build | Lumber Camp |
| 5:30 | Queue | Villager (Male) |
| 5:35 | Queue | Villager (Male) |
| 5:35 | Research | Loom |
| 6:51 | Research | Feudal Age |
| 7:06 | Build | Barracks |
| 7:37 | Build | Mining Camp |
| 7:46 | Queue | Militia |
| 7:47 | Queue | Militia |
| 7:47 | Queue | Militia |
| 8:29 | Queue | Militia |
| 8:34 | Queue | Villager (Male) |
| 8:41 | Build | Palisade Wall |
| 8:42 | Build | Palisade Wall |
| 9:16 | Age | Feudal Age |
| 9:20 | Build | Archery Range |
| 9:32 | Queue | Villager (Male) |
| 9:36 | Build | House |
| 9:43 | Research | Man-at-Arms (upgrade) |
| 9:46 | Queue | Villager (Male) |
| 10:04 | Build | House |
| 10:11 | Queue | Villager (Male) |
| 10:25 | Build | House |
| 10:29 | Build | House |
| 10:30 | Build | Palisade Wall |
| 10:31 | Build | Palisade Wall |
| 10:42 | Build | Farm |
| 10:45 | Build | Palisade Wall |
| 10:54 | Build | Palisade Wall |
| 10:57 | Build | House |
| 10:58 | Build | House |
| 11:00 | Queue | Villager (Male) |
| 11:00 | Queue | Villager (Male) |
| 11:02 | Build | Farm |
| 11:04 | Build | Farm |
| 11:05 | Build | Farm |
| 11:10 | Queue | Archer |
| 11:10 | Queue | Archer |
| 11:24 | Build | House |
| 11:27 | Build | Farm |
| 11:31 | Queue | Villager (Male) |
| 11:50 | Build | Mill |
| 12:04 | Queue | Villager (Male) |
| 12:05 | Queue | Villager (Male) |
| 12:07 | Build | House |
| 12:12 | Build | Palisade Wall |
| 12:14 | Queue | Archer |
| 12:27 | Build | Palisade Wall |
| 12:32 | Build | Palisade Wall |
| 12:36 | Queue | Villager (Male) |
| 12:36 | Queue | Villager (Male) |
| 12:41 | Queue | Archer |
| 13:07 | Build | Farm |
| 13:08 | Build | Farm |
| 13:09 | Queue | Villager (Male) |
| 13:09 | Queue | Villager (Male) |
| 13:10 | Queue | Villager (Male) |
| 13:14 | Build | House |
| 13:21 | Queue | Archer |
| 13:22 | Queue | Archer |
| 13:38 | Queue | Villager (Male) |
| 13:40 | Build | Blacksmith |
| 14:06 | Build | House |
| 14:08 | Queue | Skirmisher |
| 14:09 | Queue | Skirmisher |
| 14:10 | Queue | Villager (Male) |
| 14:14 | Build | Palisade Wall |
| 14:43 | Build | House |
| 14:58 | Build | Farm |
| 15:00 | Build | Farm |
| 15:12 | Queue | Villager (Male) |
| 15:12 | Queue | Villager (Male) |
| 15:16 | Build | Farm |
| 15:27 | Research | Fletching |
| 15:44 | Build | Farm |
| 15:45 | Queue | Villager (Male) |
| 16:10 | Build | Lumber Camp |
| 16:22 | Queue | Villager (Male) |
| 16:39 | Queue | Skirmisher |
| 16:39 | Queue | Skirmisher |
| 16:40 | Queue | Villager (Male) |
| 16:40 | Queue | Villager (Male) |
| 16:59 | Queue | Villager (Male) |
| 17:03 | Build | Market |
| 17:05 | Build | House |
| 17:06 | Build | House |
| 17:19 | Queue | Skirmisher |
| 18:01 | Build | Watch Tower |
| 18:09 | Queue | Villager (Male) |
| 18:12 | Build | House |
| 18:14 | Queue | Villager (Male) |
| 18:21 | Queue | Skirmisher |
| 18:21 | Queue | Skirmisher |
| 18:57 | Queue | Villager (Male) |
| 19:12 | Queue | Villager (Male) |
| 19:19 | Queue | Archer |
| 19:19 | Queue | Archer |
| 19:31 | Research | Castle Age |
| 19:35 | Build | Mining Camp |
| 19:41 | Build | House |
| 19:53 | Build | Palisade Gate |
| 19:56 | Research | Horse Collar |
| 20:01 | Build | House |
| 20:04 | Build | House |
| 20:09 | Queue | Villager (Male) |
| 20:16 | Build | House |
| 20:18 | Queue | Villager (Male) |
| 20:21 | Queue | Archer |
| 20:21 | Queue | Archer |
| 20:31 | Queue | Villager (Male) |
| 20:39 | Build | Farm |
| 20:42 | Build | Archery Range |
| 20:54 | Build | Farm |
| 20:57 | Build | Farm |
| 20:59 | Build | Farm |
| 21:10 | Queue | Archer |
| 21:10 | Queue | Archer |
| 21:16 | Research | Padded Archer Armor |
| 21:37 | Research | Double-Bit Axe |
| 22:15 | Research | Gold Mining |
| 22:29 | Age | Castle Age |
| 22:30 | Queue | Archer |
| 22:30 | Queue | Archer |
| 22:39 | Research | Bodkin Arrow |
| 22:40 | Queue | Archer |
| 23:10 | Research | Crossbowman (upgrade) |
| 23:21 | Queue | Villager (Male) |
Build order — toucan_i_am
First 150 of 230 actions detected
| 0:00 | Queue | Villager (Male) |
| 0:00 | Queue | Villager (Male) |
| 0:00 | Queue | Villager (Male) |
| 0:01 | Queue | Villager (Male) |
| 0:02 | Build | House |
| 0:04 | Build | House |
| 1:13 | Build | Mill |
| 1:32 | Queue | Villager (Male) |
| 1:32 | Queue | Villager (Male) |
| 2:03 | Queue | Villager (Male) |
| 2:31 | Queue | Villager (Male) |
| 2:54 | Queue | Villager (Male) |
| 3:15 | Queue | Villager (Male) |
| 3:15 | Queue | Villager (Male) |
| 3:33 | Build | House |
| 3:39 | Queue | Villager (Male) |
| 3:42 | Build | Lumber Camp |
| 4:08 | Queue | Villager (Male) |
| 4:31 | Queue | Villager (Male) |
| 4:31 | Queue | Villager (Male) |
| 4:46 | Queue | Villager (Male) |
| 5:05 | Queue | Villager (Male) |
| 5:47 | Queue | Villager (Male) |
| 5:47 | Research | Loom |
| 6:37 | Research | Feudal Age |
| 6:41 | Build | Mining Camp |
| 7:32 | Queue | Villager (Male) |
| 7:51 | Build | Barracks |
| 7:59 | Queue | Villager (Male) |
| 8:27 | Build | House |
| 8:51 | Age | Feudal Age |
| 8:59 | Build | Archery Range |
| 9:28 | Queue | Villager (Male) |
| 9:39 | Research | Double-Bit Axe |
| 9:43 | Queue | Archer |
| 9:46 | Build | House |
| 9:50 | Queue | Villager (Male) |
| 9:57 | Build | House |
| 10:04 | Build | Palisade Wall |
| 10:26 | Build | Palisade Wall |
| 10:32 | Queue | Villager (Male) |
| 10:36 | Build | Palisade Wall |
| 10:41 | Build | Mill |
| 10:41 | Queue | Villager (Male) |
| 10:46 | Queue | Archer |
| 10:47 | Queue | Archer |
| 11:11 | Queue | Archer |
| 11:15 | Queue | Villager (Male) |
| 11:23 | Build | Palisade Wall |
| 11:30 | Queue | Villager (Male) |
| 11:31 | Queue | Archer |
| 11:46 | Queue | Villager (Male) |
| 11:48 | Research | Horse Collar |
| 12:08 | Build | Farm |
| 12:08 | Build | Farm |
| 12:08 | Build | Farm |
| 12:08 | Build | Farm |
| 12:08 | Build | Farm |
| 12:09 | Build | Farm |
| 12:13 | Queue | Villager (Male) |
| 12:38 | Queue | Villager (Male) |
| 12:40 | Build | House |
| 12:44 | Build | Lumber Camp |
| 12:55 | Queue | Villager (Male) |
| 13:02 | Build | House |
| 13:03 | Queue | Archer |
| 13:16 | Queue | Villager (Male) |
| 13:16 | Queue | Archer |
| 13:25 | Build | Palisade Wall |
| 13:35 | Build | Farm |
| 13:39 | Build | House |
| 13:52 | Queue | Archer |
| 14:03 | Queue | Villager (Male) |
| 14:11 | Build | Blacksmith |
| 14:24 | Queue | Villager (Male) |
| 14:29 | Queue | Villager (Male) |
| 14:32 | Build | Farm |
| 14:34 | Build | Farm |
| 14:43 | Queue | Archer |
| 14:55 | Research | Fletching |
| 14:58 | Build | House |
| 15:03 | Queue | Archer |
| 15:25 | Queue | Villager (Male) |
| 15:26 | Queue | Villager (Male) |
| 15:33 | Build | Watch Tower |
| 15:35 | Queue | Villager (Male) |
| 16:04 | Build | House |
| 16:10 | Queue | Archer |
| 16:11 | Queue | Archer |
| 16:12 | Queue | Villager (Male) |
| 16:17 | Build | House |
| 16:18 | Queue | Villager (Male) |
| 16:33 | Build | Farm |
| 16:39 | Build | Farm |
| 16:39 | Build | Farm |
| 16:39 | Build | Farm |
| 16:40 | Build | Farm |
| 16:40 | Build | Farm |
| 16:40 | Build | Farm |
| 16:53 | Build | Watch Tower |
| 17:06 | Build | Watch Tower |
| 17:08 | Queue | Villager (Male) |
| 17:14 | Queue | Villager (Male) |
| 17:18 | Build | Market |
| 17:21 | Build | Farm |
| 17:31 | Queue | Archer |
| 17:32 | Queue | Archer |
| 17:51 | Queue | Villager (Male) |
| 17:54 | Build | Mining Camp |
| 17:58 | Build | House |
| 18:12 | Build | Farm |
| 18:30 | Build | House |
| 18:46 | Queue | Archer |
| 18:47 | Queue | Archer |
| 18:56 | Research | Wheelbarrow |
| 19:45 | Build | Archery Range |
| 19:48 | Research | Castle Age |
| 20:01 | Queue | Archer |
| 20:01 | Queue | Archer |
| 20:19 | Build | Watch Tower |
| 20:45 | Queue | Archer |
| 20:46 | Queue | Archer |
| 20:48 | Build | House |
| 20:49 | Research | Padded Archer Armor |
| 21:14 | Build | Mining Camp |
| 21:22 | Queue | Villager (Male) |
| 21:23 | Queue | Archer |
| 21:23 | Queue | Archer |
| 22:01 | Research | Gold Mining |
| 22:29 | Queue | Villager (Male) |
| 22:33 | Build | Stable |
| 22:51 | Age | Castle Age |
| 22:54 | Research | Bodkin Arrow |
| 22:55 | Research | Crossbowman (upgrade) |
| 22:55 | Queue | Villager (Male) |
| 22:56 | Queue | Villager (Male) |
| 22:57 | Queue | Villager (Male) |
| 23:02 | Build | Town Center |
| 23:03 | Queue | Villager (Male) |
| 23:15 | Queue | Villager (Male) |
| 23:18 | Research | Bow Saw |
| 23:30 | Build | Farm |
| 23:32 | Queue | Shrivamsha Rider |
| 23:32 | Queue | Shrivamsha Rider |
| 23:33 | Queue | Villager (Male) |
| 23:41 | Queue | Villager (Male) |
| 23:44 | Queue | Archer |
| 23:44 | Queue | Archer |
| 23:44 | Queue | Archer |
| 23:44 | Queue | Archer |
Match timeline
| 7:06 | ITA | Dante · first_building Barracks |
| 7:51 | toucan_i_am · first_building Barracks |
| 8:41 | ITA | Dante · wall_segment Palisade Wall x1 |
| 8:42 | ITA | Dante · wall_segment Palisade Wall x1 |
| 8:51 | toucan_i_am · age_up feudal |
| 8:59 | toucan_i_am · first_building Archery Range |
| 9:16 | ITA | Dante · age_up feudal |
| 9:20 | ITA | Dante · first_building Archery Range |
| 10:04 | toucan_i_am · wall_segment Palisade Wall x5 |
| 10:26 | toucan_i_am · wall_segment Palisade Wall x1 |
| 10:30 | ITA | Dante · wall_segment Palisade Wall x1 |
| 10:31 | ITA | Dante · wall_segment Palisade Wall x1 |
| 10:36 | toucan_i_am · wall_segment Palisade Wall x1 |
| 10:45 | ITA | Dante · wall_segment Palisade Wall x5 |
| 10:54 | ITA | Dante · wall_segment Palisade Wall x2 |
| 11:23 | toucan_i_am · wall_segment Palisade Wall x1 |
| 12:12 | ITA | Dante · wall_segment Palisade Wall x5 |
| 12:27 | ITA | Dante · wall_segment Palisade Wall x1 |
| 12:32 | ITA | Dante · wall_segment Palisade Wall x9 |
| 13:25 | toucan_i_am · wall_segment Palisade Wall x1 |
| 14:14 | ITA | Dante · wall_segment Palisade Wall x10 |
| 19:40 | toucan_i_am · first_market_buy 100 food |
| 21:34 | ITA | Dante · first_market_buy 100 wood |
| 22:29 | ITA | Dante · age_up castle |
| 22:33 | toucan_i_am · first_building Stable |
| 22:51 | toucan_i_am · age_up castle |
| 23:01 | ITA | Dante · first_market_sell 100 wood |
| 23:46 | ITA | Dante · first_building Siege Workshop |
| 28:10 | toucan_i_am · first_building Monastery |
| 29:00 | toucan_i_am · first_building Castle |
| 30:53 | ITA | Dante · resign |
[ AI ANALYSIS · 1 CREDIT ]
What really happened in this match?
Wolo.gg analyzes every decision: build order, eco, micro, common mistakes by bracket. Personalized analysis on WhatsApp or Discord in 30 seconds.
Civ guide
Japanese
Perfil
Jugador #1881383